[ AOE2 MATCH · #504684642 ]
UnrankedChinese vs Japanese
Player's team · WIN
[ REPLAY ANALYSIS · EXTRACTED FROM THE RECORDED GAME ]
Feudal
10:25
Castle
25:27
Imperial
—
| APM avg | 59.9 |
| APM peak | 157 |
| eAPM avg | 25.1 |
| Villagers / military | 52 / 53 |
Focus
⚔️ 35.0% · 🌾 65.0%
Archer ×50 · Skirmisher ×3
Feudal
12:25
Castle
—
Imperial
—
| APM avg | 46.4 |
| APM peak | 93 |
| eAPM avg | 13.4 |
| Villagers / military | 48 / 16 |
Focus
⚔️ 32.7% · 🌾 67.3%
Skirmisher ×8 · Archer ×4 · Militia ×4
Match map
Initial resources + every placement click. Lines = walls · curves = elevation contours. ◆ gold · ⬟ stone · ● berries · ✦ relic · ◌ wall gap
Your base· Open — 7t gap
emuguchin [GME HODLER]'s base· Open — 5t gap
Smoothed initial terrain · ◌ = detected wall gap · hover for details
Inputs per minute
— ☘ [4:20] ☘ Raperzinho11 - - emuguchin [GME HODLER]
Build order — ☘ [4:20] ☘ Raperzinho11
First 150 of 167 actions detected
| 0:20 | Research | Loom |
| 0:56 | Queue | Villager (Male) |
| 0:56 | Queue | Villager (Male) |
| 0:56 | Queue | Villager (Male) |
| 1:34 | Queue | Villager (Male) |
| 1:34 | Queue | Villager (Male) |
| 1:34 | Queue | Villager (Male) |
| 1:48 | Queue | Villager (Male) |
| 1:49 | Queue | Villager (Male) |
| 2:23 | Queue | Villager (Male) |
| 2:24 | Queue | Villager (Male) |
| 2:45 | Queue | Villager (Male) |
| 2:45 | Queue | Villager (Male) |
| 2:46 | Queue | Villager (Male) |
| 2:51 | Build | House |
| 2:52 | Build | House |
| 3:46 | Queue | Villager (Male) |
| 3:46 | Queue | Villager (Male) |
| 3:46 | Queue | Villager (Male) |
| 3:46 | Queue | Villager (Male) |
| 4:50 | Queue | Villager (Male) |
| 4:50 | Queue | Villager (Male) |
| 4:50 | Queue | Villager (Male) |
| 4:50 | Queue | Villager (Male) |
| 4:55 | Build | Lumber Camp |
| 5:54 | Queue | Villager (Male) |
| 5:55 | Queue | Villager (Male) |
| 6:23 | Queue | Villager (Male) |
| 7:22 | Build | Barracks |
| 8:15 | Research | Feudal Age |
| 9:11 | Build | House |
| 9:14 | Build | Palisade Wall |
| 9:40 | Build | Mining Camp |
| 9:45 | Build | House |
| 10:25 | Age | Feudal Age |
| 10:34 | Build | Archery Range |
| 10:43 | Queue | Villager (Male) |
| 10:44 | Queue | Villager (Male) |
| 10:44 | Queue | Villager (Male) |
| 10:44 | Queue | Villager (Male) |
| 11:17 | Queue | Archer |
| 11:38 | Build | Archery Range |
| 12:15 | Queue | Archer |
| 12:30 | Build | Mill |
| 12:36 | Queue | Villager (Male) |
| 12:38 | Queue | Archer |
| 12:38 | Queue | Archer |
| 12:38 | Queue | Archer |
| 12:39 | Queue | Archer |
| 12:39 | Queue | Archer |
| 12:39 | Queue | Archer |
| 12:39 | Queue | Archer |
| 13:13 | Build | Farm |
| 13:38 | Build | Farm |
| 13:39 | Build | Farm |
| 13:43 | Build | Farm |
| 13:49 | Queue | Archer |
| 13:50 | Queue | Archer |
| 13:51 | Queue | Villager (Male) |
| 14:00 | Build | House |
| 14:02 | Build | House |
| 14:15 | Queue | Skirmisher |
| 14:15 | Queue | Skirmisher |
| 14:15 | Queue | Skirmisher |
| 14:23 | Queue | Archer |
| 14:24 | Queue | Archer |
| 14:47 | Queue | Archer |
| 14:47 | Queue | Archer |
| 14:47 | Queue | Archer |
| 14:47 | Queue | Archer |
| 14:48 | Queue | Archer |
| 14:49 | Queue | Villager (Male) |
| 14:49 | Queue | Villager (Male) |
| 14:52 | Build | House |
| 15:20 | Queue | Villager (Male) |
| 15:30 | Queue | Archer |
| 15:30 | Queue | Archer |
| 15:30 | Queue | Archer |
| 15:31 | Queue | Archer |
| 15:31 | Queue | Villager (Male) |
| 15:32 | Queue | Villager (Male) |
| 15:35 | Build | House |
| 16:04 | Queue | Villager (Male) |
| 16:16 | Build | Blacksmith |
| 17:08 | Research | Fletching |
| 17:09 | Queue | Villager (Male) |
| 17:26 | Build | Farm |
| 17:26 | Build | Farm |
| 17:27 | Build | Farm |
| 17:27 | Build | Farm |
| 17:27 | Build | Farm |
| 17:30 | Queue | Villager (Male) |
| 17:31 | Queue | Villager (Male) |
| 17:33 | Queue | Archer |
| 17:33 | Queue | Archer |
| 17:33 | Queue | Archer |
| 18:02 | Build | Lumber Camp |
| 18:29 | Queue | Archer |
| 18:29 | Queue | Archer |
| 18:29 | Queue | Archer |
| 18:29 | Queue | Archer |
| 18:29 | Queue | Archer |
| 19:01 | Build | Farm |
| 19:06 | Queue | Villager (Male) |
| 19:11 | Build | House |
| 19:12 | Build | House |
| 19:16 | Queue | Archer |
| 19:16 | Queue | Archer |
| 19:24 | Build | Farm |
| 19:24 | Build | Farm |
| 19:57 | Build | Farm |
| 19:58 | Build | Farm |
| 19:58 | Build | Farm |
| 19:58 | Build | Farm |
| 20:19 | Queue | Archer |
| 20:19 | Queue | Archer |
| 20:40 | Queue | Villager (Male) |
| 21:00 | Build | Farm |
| 21:00 | Build | Farm |
| 21:01 | Build | Farm |
| 21:01 | Build | Farm |
| 21:08 | Queue | Villager (Male) |
| 21:16 | Build | Market |
| 21:53 | Build | Mining Camp |
| 22:19 | Queue | Villager (Male) |
| 22:27 | Build | Stable |
| 22:47 | Research | Castle Age |
| 22:51 | Queue | Archer |
| 22:51 | Queue | Archer |
| 22:51 | Queue | Archer |
| 22:52 | Queue | Archer |
| 22:52 | Queue | Archer |
| 22:52 | Queue | Archer |
| 22:52 | Queue | Archer |
| 22:53 | Queue | Archer |
| 22:53 | Queue | Archer |
| 22:53 | Queue | Archer |
| 23:21 | Research | Double-Bit Axe |
| 23:25 | Research | Padded Archer Armor |
| 23:48 | Build | House |
| 24:16 | Build | House |
| 24:45 | Queue | Villager (Male) |
| 24:52 | Build | Mining Camp |
| 25:27 | Age | Castle Age |
| 25:36 | Research | Crossbowman (upgrade) |
| 26:01 | Build | Farm |
| 26:06 | Queue | Villager (Male) |
| 26:07 | Queue | Villager (Male) |
| 26:12 | Research | Bodkin Arrow |
| 26:12 | Research | Leather Archer Armor |
Build order — emuguchin [GME HODLER]
133 actions detected in the replay
| 0:01 | Queue | Villager (Male) |
| 0:02 | Build | House |
| 0:05 | Build | House |
| 0:11 | Queue | Villager (Male) |
| 0:11 | Queue | Villager (Male) |
| 0:15 | Queue | Villager (Male) |
| 0:16 | Queue | Villager (Male) |
| 1:32 | Queue | Villager (Male) |
| 1:32 | Queue | Villager (Male) |
| 2:09 | Queue | Villager (Male) |
| 2:09 | Queue | Villager (Male) |
| 2:26 | Queue | Villager (Male) |
| 2:27 | Queue | Villager (Male) |
| 2:55 | Queue | Villager (Male) |
| 2:55 | Queue | Villager (Male) |
| 3:05 | Build | House |
| 3:15 | Queue | Villager (Male) |
| 3:15 | Queue | Villager (Male) |
| 3:35 | Build | Mill |
| 3:49 | Build | House |
| 3:51 | Queue | Villager (Male) |
| 3:51 | Queue | Villager (Male) |
| 4:01 | Queue | Villager (Male) |
| 4:01 | Queue | Villager (Male) |
| 4:39 | Build | Barracks |
| 4:54 | Queue | Villager (Male) |
| 4:54 | Queue | Villager (Male) |
| 4:54 | Queue | Villager (Male) |
| 5:48 | Queue | Militia |
| 5:49 | Queue | Militia |
| 5:49 | Queue | Militia |
| 5:49 | Queue | Militia |
| 6:11 | Build | House |
| 6:26 | Build | Lumber Camp |
| 6:40 | Queue | Villager (Male) |
| 7:05 | Build | Palisade Wall |
| 7:12 | Queue | Villager (Male) |
| 8:46 | Build | Palisade Wall |
| 8:48 | Build | Palisade Wall |
| 8:49 | Build | Palisade Wall |
| 8:50 | Build | Palisade Wall |
| 8:51 | Build | Palisade Wall |
| 8:52 | Build | Palisade Wall |
| 8:52 | Build | Palisade Wall |
| 9:04 | Build | House |
| 9:06 | Build | Palisade Wall |
| 10:15 | Research | Feudal Age |
| 10:15 | Research | Feudal Age |
| 10:15 | Research | Feudal Age |
| 10:31 | Build | Mining Camp |
| 12:04 | Build | Palisade Wall |
| 12:04 | Build | Palisade Wall |
| 12:05 | Build | Palisade Wall |
| 12:05 | Build | Palisade Wall |
| 12:25 | Age | Feudal Age |
| 12:37 | Queue | Villager (Male) |
| 12:41 | Queue | Villager (Male) |
| 12:41 | Queue | Villager (Male) |
| 12:56 | Build | Archery Range |
| 13:01 | Build | Palisade Wall |
| 13:02 | Queue | Villager (Male) |
| 13:02 | Queue | Villager (Male) |
| 13:21 | Build | Watch Tower |
| 13:37 | Queue | Villager (Male) |
| 13:38 | Queue | Villager (Male) |
| 13:58 | Build | Lumber Camp |
| 14:10 | Build | Palisade Wall |
| 14:14 | Build | House |
| 14:14 | Queue | Villager (Male) |
| 14:15 | Queue | Villager (Male) |
| 14:27 | Queue | Archer |
| 14:28 | Queue | Archer |
| 15:01 | Build | Stone Wall |
| 15:02 | Build | Stone Wall |
| 15:02 | Build | Stone Wall |
| 15:03 | Build | Stone Wall |
| 15:03 | Build | Stone Wall |
| 15:04 | Build | Stone Wall |
| 15:39 | Build | Palisade Wall |
| 17:02 | Build | Market |
| 17:46 | Build | Farm |
| 17:47 | Build | Farm |
| 17:47 | Build | Farm |
| 17:47 | Build | Farm |
| 17:48 | Build | Farm |
| 17:48 | Build | Farm |
| 17:48 | Build | Farm |
| 18:10 | Queue | Archer |
| 18:11 | Queue | Archer |
| 18:17 | Build | Stone Wall |
| 18:20 | Build | Stone Wall |
| 18:23 | Build | Stone Wall |
| 18:25 | Build | Stone Wall |
| 18:52 | Build | Farm |
| 19:14 | Build | Mining Camp |
| 19:15 | Queue | Villager (Male) |
| 19:22 | Build | House |
| 19:55 | Build | Watch Tower |
| 20:03 | Queue | Villager (Male) |
| 20:03 | Queue | Villager (Male) |
| 20:03 | Queue | Villager (Male) |
| 20:11 | Queue | Skirmisher |
| 20:39 | Build | House |
| 20:57 | Queue | Villager (Male) |
| 20:58 | Queue | Villager (Male) |
| 21:11 | Build | House |
| 21:35 | Queue | Villager (Male) |
| 22:25 | Build | Gate |
| 22:32 | Build | Farm |
| 22:44 | Research | Loom |
| 22:47 | Queue | Villager (Male) |
| 22:59 | Queue | Villager (Male) |
| 22:59 | Queue | Villager (Male) |
| 22:59 | Queue | Villager (Male) |
| 23:36 | Build | Archery Range |
| 23:39 | Queue | Villager (Male) |
| 24:19 | Build | Farm |
| 24:21 | Build | Farm |
| 24:27 | Queue | Skirmisher |
| 24:27 | Queue | Skirmisher |
| 24:27 | Queue | Skirmisher |
| 24:54 | Build | Farm |
| 24:59 | Build | Farm |
| 25:00 | Queue | Villager (Male) |
| 25:04 | Build | Farm |
| 25:26 | Queue | Skirmisher |
| 25:26 | Queue | Skirmisher |
| 25:55 | Queue | Skirmisher |
| 25:55 | Queue | Skirmisher |
| 27:36 | Queue | Villager (Male) |
| 27:43 | Queue | Villager (Male) |
| 28:04 | Research | Castle Age |
| 28:10 | Build | Lumber Camp |
Match timeline
| 4:39 | emuguchin [GME HODLER] · first_building Barracks |
| 7:05 | emuguchin [GME HODLER] · wall_segment Palisade Wall x11 |
| 7:22 | ☘ [4:20] ☘ Raperzinho11 · first_building Barracks |
| 8:46 | emuguchin [GME HODLER] · wall_segment Palisade Wall x4 |
| 8:48 | emuguchin [GME HODLER] · wall_segment Palisade Wall x4 |
| 8:49 | emuguchin [GME HODLER] · wall_segment Palisade Wall x1 |
| 8:50 | emuguchin [GME HODLER] · wall_segment Palisade Wall x1 |
| 8:51 | emuguchin [GME HODLER] · wall_segment Palisade Wall x2 |
| 8:52 | emuguchin [GME HODLER] · wall_segment Palisade Wall x2 |
| 8:52 | emuguchin [GME HODLER] · wall_segment Palisade Wall x1 |
| 9:06 | emuguchin [GME HODLER] · wall_segment Palisade Wall x4 |
| 9:14 | ☘ [4:20] ☘ Raperzinho11 · wall_segment Palisade Wall x5 |
| 10:25 | ☘ [4:20] ☘ Raperzinho11 · age_up feudal |
| 10:34 | ☘ [4:20] ☘ Raperzinho11 · first_building Archery Range |
| 12:04 | emuguchin [GME HODLER] · wall_segment Palisade Wall x1 |
| 12:04 | emuguchin [GME HODLER] · wall_segment Palisade Wall x1 |
| 12:05 | emuguchin [GME HODLER] · wall_segment Palisade Wall x2 |
| 12:05 | emuguchin [GME HODLER] · wall_segment Palisade Wall x2 |
| 12:25 | emuguchin [GME HODLER] · age_up feudal |
| 12:56 | emuguchin [GME HODLER] · first_building Archery Range |
| 13:01 | emuguchin [GME HODLER] · wall_segment Palisade Wall x1 |
| 14:10 | emuguchin [GME HODLER] · wall_segment Palisade Wall x10 |
| 15:01 | emuguchin [GME HODLER] · wall_segment Stone Wall x3 |
| 15:02 | emuguchin [GME HODLER] · wall_segment Stone Wall x2 |
| 15:02 | emuguchin [GME HODLER] · wall_segment Stone Wall x1 |
| 15:03 | emuguchin [GME HODLER] · wall_segment Stone Wall x1 |
| 15:03 | emuguchin [GME HODLER] · wall_segment Stone Wall x1 |
| 15:04 | emuguchin [GME HODLER] · wall_segment Stone Wall x1 |
| 15:39 | emuguchin [GME HODLER] · wall_segment Palisade Wall x7 |
| 18:17 | emuguchin [GME HODLER] · wall_segment Stone Wall x3 |
| 18:20 | emuguchin [GME HODLER] · wall_segment Stone Wall x2 |
| 18:23 | emuguchin [GME HODLER] · wall_segment Stone Wall x3 |
| 18:25 | emuguchin [GME HODLER] · wall_segment Stone Wall x3 |
| 18:46 | emuguchin [GME HODLER] · first_market_sell 100 wood |
| 19:42 | emuguchin [GME HODLER] · first_market_buy 100 stone |
| 22:27 | ☘ [4:20] ☘ Raperzinho11 · first_building Stable |
| 25:27 | ☘ [4:20] ☘ Raperzinho11 · age_up castle |
| 27:25 | ☘ [4:20] ☘ Raperzinho11 · first_building Castle |
| 29:06 | emuguchin [GME HODLER] · resign |
[ AI ANALYSIS · 1 CREDIT ]
What really happened in this match?
Wolo.gg analyzes every decision: build order, eco, micro, common mistakes by bracket. Personalized analysis on WhatsApp or Discord in 30 seconds.
Civ guide
Chinese
Perfil
☘ [4:20] ☘ Raperzinho11